 Dungeon Crawl Stone Soup version 0.23-a0-269-g65e0026 (webtiles) character file.

1308 MisterFreud the Slicer (level 8, 0/69 HPs)
             Began as a Kobold Berserker on Sept 30, 2018.
             Was a Believer of Trog.
             Succumbed to a worker ant's poison
             ... on level 5 of the Dungeon.
             The game lasted 00:13:14 (5433 turns).

MisterFreud the Slicer (Kobold Berserker)           Turns: 5433, Time: 00:13:14

Health: 0/69       AC:  5    Str: 22    XL:     8   Next: 88%
Magic:  17/17      EV: 15    Int:  8    God:    Trog [**....]
Gold:   233        SH:  0    Dex: 14    Spells: 7/7 levels left

rFire    . . .     SeeInvis .   a - +0 short sword
rCold    . . .     Gourm    .   (shield restricted)
rNeg     . . .     Faith    .   b - +0 animal skin
rPois    .         Spirit   .   u - +1 helmet
rElec    .         Reflect  .   (no cloak)
rCorr    .         Harm     .   (no gloves)
MR       ++...                  t - +0 pair of boots
Stlth    ..........             (no amulet)
HPRegen  1.21/turn              h - ring of magical power
MPRegen  0.15/turn              l - ring of flight

@: berserking, lethally poisoned (0 -> 0), regenerating, very quick
A: small, carnivore
a: Berserk, Trog's Hand, Renounce Religion, Evoke Flight


You were on level 5 of the Dungeon.
You worshipped Trog.
Trog was pleased with you.
You were very full.

You visited 1 branch of the dungeon, and saw 5 of its levels.

You collected 233 gold pieces.

Inventory:

Hand Weapons
 a - a +0 short sword (weapon)
Missiles
 f - 14 sling bullets
 g - 104 stones (quivered)
 n - 38 bolts
 q - 76 arrows
 v - 29 poisoned needles
Armour
 b - a +0 animal skin (worn)
 t - a +0 pair of boots (worn)
 u - a +1 helmet (worn)
Jewellery
 h - a ring of magical power (left hand)
 l - a ring of flight (right hand)
 r - an uncursed ring of protection from cold {unknown}
Scrolls
 d - 2 scrolls of teleportation
 j - a scroll of fog
 k - a scroll of remove curse
 m - a scroll of enchant armour {unknown}
 o - 3 scrolls of amnesia {unknown}
Potions
 e - 5 potions of curing
 i - 4 potions of mutation
 p - a potion of haste
 s - a potion of flight {unknown}
 w - a potion of heal wounds {unknown}
 x - a potion of magic {unknown}
Comestibles
 c - 11 rations


   Skills:
 - Level 3.2 Fighting
 - Level 12.0 Short Blades
 - Level 1.5 Armour
 - Level 2.4 Dodging
 + Level 6.7 Stealth


You had 7 spell levels left.
You didn't know any spells.
Your spell library was empty.

Dungeon Overview and Level Annotations

Branches:
Dungeon (5/15)
 Temple: D:4-7

Altars:
Dithmenos
Elyvilon
Gozag
Hepliaklqana
Kikubaaqudgha
Makhleb
Okawaru
Trog
Vehumet
Zin

Shops:
D:5 [


Innate Abilities, Weirdness & Mutations

You are small and have problems with some larger weapons.
You are carnivorous and can eat meat at any time.


Message History

The worker ant is heavily wounded.
You feel sick.
You closely miss the worker ant.
The worker ant is heavily wounded.
The worker ant bites you.
* * * LOW HITPOINT WARNING * * *
You hit the worker ant.
The worker ant is severely wounded.
A red film seems to cover your vision as you go berserk!
You feel yourself moving faster!
You feel mighty!
You feel sick. The worker ant bites you.
* * * LOW HITPOINT WARNING * * *
You are lethally poisoned!
The worker ant poisons you! The worker ant misses you.
You closely miss the worker ant.
The worker ant is severely wounded.
You puncture the worker ant!
You kill the worker ant!
Trog accepts your kill.
You die...

#######.########## #.#
#. #.# #. ##+## #.
##...## #.
##.....#######. #.#
##..............
#....####.........####..
#.....†@'.........+.....
#....####.........####..
#.# ##........# #...
##.....#.# #.## ##...##
#.# ##'###.###.##
#...........
#.######..## ##.####
#..#


There were no monsters in sight!

Vanquished Creatures
  Grinder (D:4)
  Sigmund (D:3)
  Duvessa (D:4)
  A sky beast (D:5)
  Dowan (D:4)
  2 scorpions
  A howler monkey (D:4)
  A jelly (D:5)
  A bullfrog zombie (D:5)
  2 hounds
  2 orc priests
  A centaur skeleton (D:5)
  Natasha (twice) (D:2)
  4 worker ants
  A killer bee zombie (D:5)
  A hound zombie (D:5)
  Robin (D:3)
  A worker ant zombie (D:5)
  7 adders
  An ooze (D:3)
  2 adder skeletons
  An adder zombie (D:5)
  5 worms
  2 dart slugs
  3 leopard geckos
  9 orcs
  3 giant cockroaches
  13 goblins
  12 hobgoblins
  4 quokkas
  2 ball pythons (D:2)
  6 bats
  7 frilled lizards
  6 kobolds
  3 rats (D:1)
111 creatures vanquished.

Notes
Turn   | Place    | Note
-------+----------+-------------------------------------------
     0 | D:1      | MisterFreud the Kobold Berserker began the quest for the
                  | Orb.
     0 | D:1      | Reached XP level 1. HP: 14/14 MP: 1/1
   391 | D:1      | Reached XP level 2. HP: 19/19 MP: 2/2
   478 | D:1      | Reached skill level 5 in Short Blades
   557 | D:1      | Reached XP level 3. HP: 13/23 MP: 3/3
  1093 | D:2      | Reached ** piety under Trog
  1126 | D:2      | Found a shadowy altar of Dithmenos.
  1157 | D:2      | Reached skill level 6 in Short Blades
  1157 | D:2      | Reached XP level 4. HP: 15/28 MP: 4/4
  1850 | D:2      | Noticed Natasha
  1861 | D:2      | Killed Natasha
  1861 | D:2      | Reached skill level 7 in Short Blades
  2108 | D:2      | Noticed Natasha
  2114 | D:2      | Killed Natasha
  2114 | D:2      | Reached XP level 5. HP: 32/32 MP: 5/5
  2315 | D:3      | Noticed Sigmund
  2644 | D:3      | Killed Sigmund
  2644 | D:3      | Reached skill level 9 in Short Blades
  2644 | D:3      | Reached XP level 6. HP: 20/37 MP: 6/6
  2682 | D:3      | Noticed Robin
  2908 | D:3      | Killed Robin
  3092 | D:3      | Reached XP level 7. HP: 41/41 MP: 7/7
  3296 | D:4      | Reached skill level 10 in Short Blades
  3389 | D:4      | Found a radiant altar of Vehumet.
  3468 | D:4      | Noticed Dowan
  3469 | D:4      | Noticed Duvessa
  3493 | D:4      | Killed Duvessa
  3516 | D:4      | Killed Dowan
  3516 | D:4      | Reached skill level 11 in Short Blades
  3740 | D:4      | Reached XP level 8. HP: 46/46 MP: 8/8
  3747 | D:4      | Found a hazy altar of Hepliaklqana.
  3750 | D:4      | Found a glowing silver altar of Zin.
  3753 | D:4      | Found a bloodstained altar of Trog.
  3756 | D:4      | Found a white marble altar of Elyvilon.
  3804 | D:4      | Noticed Grinder
  3812 | D:4      | Paralysed by Grinder for 5 turns
  3922 | D:4      | Paralysed by Grinder for 7 turns
  3938 | D:4      | Killed Grinder
  3978 | D:4      | Reached skill level 12 in Short Blades
  4407 | D:5      | Entered Level 5 of the Dungeon
  4878 | D:5      | Reached skill level 5 in Stealth
  4952 | D:5      | Found an ancient bone altar of Kikubaaqudgha.
  4995 | D:5      | Found an iron altar of Okawaru.
  5127 | D:5      | Found Odooth's Armour Emporium.
  5187 | D:5      | Found a burning altar of Makhleb.
  5188 | D:5      | Found an opulent altar of Gozag.
  5429 | D:5      | HP: 2/46 [worker ant (6)]
  5433 | D:5      | Succumbed to a worker ant's poison

Vault maps used:
D:1:      scummos_arrival_gate
D:2:      lemuel_doored_altar, uniq_natasha
D:3:      uniq_robin, uniq_sigmund
D:4:      grunt_temple_overflow_cloverleaf, marbit_many_paths,
          cheibrodos_sewer_entry_bend, uniq_grinder, uniq_duvessa
D:5:      gammafunk_temple_overflow_pools,
          chequers_temple_overflow_statue_of_worship, first_ration,
          serial_shops, nicolae_shop_crystal

Skill      XL: |  1  2  3  4  5  6  7  8 |
---------------+-------------------------+-----
Short Blades   | 5 6 7 9 11 12 | 12.0
Stealth        | 6 |  6.7
Fighting       | |  3.2
Armour         | |  1.5
Dodging        | |  2.4

Action                   |  1- 3 |  4- 6 |  7- 9 || total
-------------------------+-------+-------+-------++-------
Melee: Short sword       |    90 |   189 |   301 ||   580
Invok: Berserk           |     5 |     7 |     9 ||    21
       Trog's Hand       |       |     7 |     4 ||    11
  Use: Scroll            |       |       |     6 ||     6
 Stab: Sleeping          |     2 |       |     3 ||     5
  Eat: Chunk             |     8 |    20 |    17 ||    45
Armor: Animal skin       |    14 |    18 |    26 ||    58
Dodge: Dodged            |    63 |   130 |   121 ||   314

Table legend:
 A = Non-vault XP
 B = Vault XP
 C = Vault XP percentage of total XP
 D = Non-vault monster count
 E = Vault monster count
 F = Vault count percentage of total count
                 A         B        C        D         E       F
            +---------+---------+-------+---------+---------+-------
      Total |    1038 |     831 |  44.5 |      91 |      20 |  18.0
            +---------+---------+-------+---------+---------+-------
        D:1 |      37 |       0 |   0.0 |      22 |       0 |   0.0
        D:2 |      98 |      36 |  26.9 |      16 |       1 |   5.9
        D:3 |     108 |     269 |  71.4 |      18 |      13 |  41.9
        D:4 |     228 |     526 |  69.8 |      15 |       6 |  28.6
        D:5 |     567 |       0 |   0.0 |      20 |       0 |   0.0
            +---------+---------+-------+---------+---------+-------
